 Dungeon Crawl Stone Soup version 0.22.1-2-g9c5b331383 (webtiles) character file.

800357 Pocketmage the Conqueror (level 27, -9/273 HPs)
             Began as a Grey Draconian Fighter on Dec 2, 2018.
             Was a High Priest of Okawaru.
             Killed from afar by a Brimstone Fiend (49 damage)
             ... with damnation
             ... created by the effects of Hell
             ... on level 7 of Gehenna on Dec 5, 2018.
             The game lasted 09:40:41 (88937 turns).

Pocketmage the Conqueror (Grey Draconian Fighter)  Turns: 88937, Time: 09:40:41

Health: -9/273     AC: 31    Str: 29    XL:     27
Magic:  29/29      EV: 35    Int:  7    God:    Okawaru [*****.]
Gold:   4698       SH: 33    Dex: 21    Spells: 26/26 levels left

rFire    + + +     SeeInvis +   L - +9 broad axe (elec)
rCold    + + +     Gourm    .   V - +3 large shield "Deppaag" {rF+++ MR+}
rNeg     . . .     Faith    .   (armour unavailable)
rPois    +         Spirit   .   F - +1 hat of the Heron {*Contam +Fly rC+++ MR+}
rElec    .         Reflect  +   o - +2 cloak "Zaaroiv" {+Blink Str+5 Int-4 SInv}
rCorr    .         Harm     .   z - +2 pair of gloves of Gravitas {Str+2}
MR       ++++.                  h - +2 pair of boots {run}
Stlth    ++........             A - +3 amulet of reflection
HPRegen  0.55/turn              D - ring of Ylel {rPois AC+3}
MPRegen  0.21/turn              y - ring of Yppahen {rC+ Dex+5 SInv}

@: finesse, flying, quick
A: walk through water, unfitting armour, antennae 1, big wings, claws 1, hooves
2, stinger 1, clumsy 1, low mp 2, unbreathing, cold-blooded, MP-powered wands,
AC +18
}: 4/15 runes: decaying, serpentine, silver, icy
a: Stop Flying, Heroism, Finesse, Renounce Religion, Evoke Blink


You were on level 7 of Gehenna.
You worshipped Okawaru.
Okawaru was extremely pleased with you.
You were not hungry.

You visited 13 branches of the dungeon, and saw 64 of its levels.
You visited the Abyss 1 time.
You also visited: Labyrinth, Ice Cave and Wizlab.

You collected 8030 gold pieces.
You spent 3332 gold pieces at shops.

Inventory:

Hand Weapons
 j - a +9 broad axe of flaming
 C - the +8 fustibalus "Fozuleru" {flame, MR- Int+6 SInv}
   (You took it off a minotaur in a labyrinth)

   It causes projectiles fired from it to burn those they strike, causing extra
   injury to most foes and up to half again as much damage against particularly
   susceptible opponents.
   It affects your intelligence (+6).
   It affects your resistance to hostile enchantments.
   It lets you see invisible.
 L - a +9 broad axe of electrocution (weapon)
 W - the +2 war axe "Beastslayer" {antimagic, rN+}
   (Okawaru gifted it to you on level 5 of the Vaults)

   It reduces the magical energy of the wielder, and disrupts the spells and
   magical abilities of those hit.
   Natural abilities and divine invocations are not affected.
   It protects you from negative energy.
Missiles
 u - 3 throwing nets (quivered)
 Z - 217 sling bullets
Armour
 c - a +0 hat of see invisible
 h - a +2 pair of boots of running (worn)
 o - the +2 cloak "Zaaroiv" (worn) {+Blink Str+5 Int-4 SInv}
   (Okawaru gifted it to you on level 5 of the Vaults)

   It affects your strength (+5).
   It affects your intelligence (-4).
   It lets you see invisible.
   It lets you blink.
 z - the +2 pair of gloves of Gravitas (worn) {Str+2}
   (Okawaru gifted it to you on level 1 of the Vaults)

   It affects your strength (+2).
 F - the +1 hat of the Heron (worn) {*Contam +Fly rC+++ MR+}
   (You found it on level 6 of the Lair of Beasts)

   It renders you almost immune to cold.
   It affects your resistance to hostile enchantments.
   It lets you fly.
   It causes magical contamination when unequipped.
 H - the +3 large shield "Weurin" {rElec rN+ Int+3 Dex+3}
   (Okawaru gifted it to you on level 3 of the Lair of Beasts)

   It affects your intelligence (+3).
   It affects your dexterity (+3).
   It insulates you from electricity.
   It protects you from negative energy.
 T - the +2 cloak of Chimes {rF++ rC+ Regen+}
   (Okawaru gifted it to you on level 5 of the Vaults)

   It greatly protects you from fire.
   It protects you from cold.
   It increases your rate of regeneration.
 V - the +3 large shield "Deppaag" (worn) {rF+++ MR+}
   (Okawaru gifted it to you on level 3 of the Realm of Zot)

   It renders you almost immune to fire.
   It affects your resistance to hostile enchantments.
Jewellery
 d - an uncursed ring of protection from magic
 l - an uncursed ring of protection from fire
 y - the ring of Yppahen (right hand) {rC+ Dex+5 SInv}
   (You acquired it on level 2 of the Orcish Mines)

   [ring of dexterity]

   It affects your dexterity (+5).
   It protects you from cold.
   It lets you see invisible.
 A - a +3 amulet of reflection (around neck)
 D - the ring of Ylel (left hand) {rPois AC+3}
   (You took it off a yaktaur on level 3 of the Vaults)

   [ring of protection]

   It affects your AC (+3).
   It protects you from poison.
 X - an uncursed ring of fire
Wands
 e - a wand of digging (22)
 P - a wand of iceblast (39)
 Q - a wand of acid (15)
 R - a wand of clouds (13)
 U - a wand of paralysis (67)
Scrolls
 b - 5 scrolls of silence
 g - 9 scrolls of fog
 i - 3 scrolls of enchant weapon
 k - 3 scrolls of fear
 n - a scroll of blinking
 p - 20 scrolls of teleportation
 r - 8 scrolls of remove curse
 t - 11 scrolls of magic mapping
 B - 23 scrolls of identify
 O - 4 scrolls of enchant armour
Potions
 a - 4 potions of berserk rage
 f - 4 potions of cancellation
 m - 16 potions of flight
 q - 4 potions of agility
 s - 7 potions of ambrosia
 x - 2 potions of invisibility
 E - 2 potions of haste
 G - 4 potions of brilliance
 K - 10 potions of curing
 M - a potion of mutation
 S - 4 potions of resistance
Miscellaneous
 v - a phial of floods
 w - a lamp of fire
 I - the horn of Geryon
 Y - 3 sacks of spiders
Comestibles
 J - 79 rations


   Skills:
 O Level 27 Fighting
 - Level 18.0 Axes
 O Level 27 Dodging
 - Level 25.0 Shields
 - Level 15.0 Invocations
 + Level 18.9 Evocations


You had 26 spell levels left.
You didn't know any spells.
Your spell library contained the following spells:

 Spells                   Type           Power        Failure   Level  Hunger
 Animate Skeleton         Necr           N/A          43%         1    ##.....
 Apportation              Tloc           #.....       43%         1    ##.....
 Beastly Appendage        Tmut           #.....       43%         1    ##.....
 Confusing Touch          Hex            #.....       43%         1    ##.....
 Corona                   Hex            #......      43%         1    ##.....
 Flame Tongue             Conj/Fire      #....        43%         1    ##.....
 Magic Dart               Conj           #...         43%         1    ##.....
 Pain                     Necr           #...         43%         1    ##.....
 Sandblast                Erth           #.....       43%         1    ##.....
 Shock                    Conj/Air       #...         43%         1    ##.....
 Sting                    Conj/Pois      #...         43%         1    ##.....
 Summon Small Mammal      Summ           #...         43%         1    ##.....
 Blink                    Tloc           N/A          56%         2    ###....
 Call Imp                 Summ           #.......     56%         2    ###....
 Corpse Rot               Necr           N/A          56%         2    ###....
 Ensorcelled Hibernation  Hex/Ice        #.....       56%         2    ###....
 Passwall                 Tmut/Erth      #.......     56%         2    ###....
 Poisonous Vapours        Pois/Air       #.....       56%         2    ###....
 Slow                     Hex            #.......     56%         2    ###....
 Sticks to Snakes         Tmut           #.......     56%         2    ###....
 Sublimation of Blood     Necr           #.........   56%         2    ###....
 Swiftness                Chrm/Air       #.......     56%         2    ###....
 Call Canine Familiar     Summ           #.......     80%         3    ####...
 Confuse                  Hex            #.......     80%         3    ####...
 Conjure Flame            Conj/Fire      #.......     80%         3    ####...
 Dazzling Spray           Conj/Hex       #.....       80%         3    ####...
 Gell's Gravitas          Tloc           #.........   80%         3    ####...
 Ignite Poison            Fire/Tmut/Pois #.......     80%         3    ####...
 Inner Flame              Hex/Fire       #.......     80%         3    ####...
 Mephitic Cloud           Conj/Pois/Air  #.......     80%         3    ####...
 Ozocubu's Armour         Chrm/Ice       #.......     80%         3    ####...
 Portal Projectile        Hex/Tloc       #.....       80%         3    ####...
 Recall                   Summ/Tloc      N/A          80%         3    ####...
 Regeneration             Chrm/Necr      #.........   80%         3    ####...
 Spider Form              Tmut/Pois      #.........   80%         3    ####...
 Static Discharge         Conj/Air       #.......     80%         3    ####...
 Stone Arrow              Conj/Erth      #.....       80%         3    ####...
 Summon Guardian Golem    Hex/Summ       #.......     80%         3    ####...
 Tukima's Dance           Hex            #.......     80%         3    ####...
 Vampiric Draining        Necr           #.........   80%         3    ####...
 Airstrike                Air            #.........   99%         4    #####..
 Animate Dead             Necr           N/A          99%         4    #####..
 Cause Fear               Hex            #.........   99%         4    #####..
 Force Lance              Conj/Tloc      #.......     99%         4    #####..
 Ice Form                 Ice/Tmut       #.......     99%         4    #####..
 Leda's Liquefaction      Hex/Erth       #.........   99%         4    #####..
 Olgreb's Toxic Radiance  Pois           #.......     99%         4    #####..
 Passage of Golubria      Tloc           N/A          99%         4    #####..
 Petrify                  Tmut/Erth      #.......     99%         4    #####..
 Summon Ice Beast         Ice/Summ       #.......     99%         4    #####..
 Summon Lightning Spire   Summ/Air       #.......     99%         4    #####..
 Agony                    Necr           #.......     100%        5    ######.
 Alistair's Intoxication  Tmut/Pois      #.......     100%        5    ######.
 Blade Hands              Tmut           #.........   100%        5    ######.
 Bolt of Draining         Conj/Necr      #.........   100%        5    ######.
 Borgnjor's Vile Clutch   Necr/Erth      #.........   100%        5    ######.
 Dispel Undead            Necr           #.......     100%        5    ######.
 Excruciating Wounds      Chrm/Necr      #.........   100%        5    ######.
 Irradiate                Conj/Tmut      #.........   100%        5    ######.
 Lee's Rapid Deconstruct  Erth           #.........   100%        5    ######.
 Lightning Bolt           Conj/Air       #.........   100%        5    ######.
 Metabolic Englaciation   Hex/Ice        #.........   100%        5    ######.
 Silence                  Hex/Air        #.........   100%        5    ######.
 Summon Demon             Summ           #.........   100%        5    ######.
 Summon Forest            Summ/Tloc      #.........   100%        5    ######.
 Venom Bolt               Conj/Pois      #.........   100%        5    ######.
 Yara's Violent Unravell  Hex/Tmut       #.........   100%        5    ######.
 Bolt of Fire             Conj/Fire      #.........   100%        6    #######
 Conjure Ball Lightning   Conj/Air       #.........   100%        6    #######
 Darkness                 Hex            #.........   100%        6    #######
 Death Channel            Necr           #.........   100%        6    #######
 Deflect Missiles         Chrm/Air       #.........   100%        6    #######
 Dispersal                Tloc           #.........   100%        6    #######
 Freezing Cloud           Conj/Ice/Air   #.........   100%        6    #######
 Invisibility             Hex            #.......     100%        6    #######
 Simulacrum               Ice/Necr       #.........   100%        6    #######
 Dragon Form              Tmut           #.........   100%        7    #######
 Malign Gateway           Summ/Tloc      #.........   100%        7    #######
 Ring of Flames           Chrm/Fire      #.........   100%        7    #######
 Controlled Blink         Tloc           N/A          100%        8    #######
 Disjunction              Tloc           #.........   100%        8    #######
 Dragon's Call            Summ           #.........   100%        9    #######
 Tornado                  Air            #.........   100%        9    #######


Dungeon Overview and Level Annotations

Branches:
Dungeon (15/15)            Temple (1/1) D:7            Lair (6/6) D:10
  Swamp (4/4) Lair:4        Snake (4/4) Lair:2        Slime (0/5) Lair:5
    Orc (2/2) D:10            Elf (3/3) Orc:2        Vaults (5/5) D:13
  Crypt (0/3) Vaults:3     Depths (5/5) D:15           Hell (1/1)
    Dis (0/7) Hell            Geh (7/7) Hell            Coc (7/7) Hell
    Tar (0/7) Hell            Zot (4/5) Depths:5

Altars:
Ashenzari
Cheibriados
Dithmenos
Elyvilon
Fedhas
Gozag
Hepliaklqana
Kikubaaqudgha
Makhleb
Nemelex Xobeh
Okawaru
Qazlal
Ru
Sif Muna
Trog
Uskayaw
Vehumet
Wu Jian
Xom
Yredelemnul
Zin
The Shining One
Beogh
Lugonu

Shops:
D:7 (%   Orc:2 }!}?%   Elf:1 [   Elf:2 }==   Elf:3 }   Snake:1 *   Snake:4 !
Vaults:5 :}(}

Portals:
Hell: Depths:1 Depths:2 Depths:3 Depths:4 Depths:5
Abyss: Depths:4
Pandemonium: Depths:3 Depths:5
Ziggurat: Depths:3

Annotations:
Lair:1 exclusion: 3 oklob plants


Innate Abilities, Weirdness & Mutations

You can walk through water.
Your dull iron-grey scales are very hard. (AC +18)
You cannot fit into any form of body armour.
You can survive without breathing.
You are cold-blooded and may be slowed by cold attacks.
You have a pair of small antennae on your head.
Your large and strong wings let you fly indefinitely.
You have sharp fingernails.
You have hoof-like feet.
Your tail ends in a poisonous barb.
You are clumsy. (Dex -2)
Your magical capacity is very low. (-20% MP)
You expend magic power (3 MP) to strengthen your wands.


Message History

You slice the ice dragon skeleton!!
You destroy the ice dragon skeleton!
Okawaru accepts your kill.
A gut-wrenching scream fills the air!
A Brimstone Fiend comes into view.
The Brimstone Fiend calls on the powers of darkness!
Your body is wracked with pain!
* * * LOW HITPOINT WARNING * * *
The Brimstone Fiend completely misses you.
You block the Brimstone Fiend's attack.
The Brimstone Fiend completely misses you.
You slice the Brimstone Fiend!!
Lightning courses through the Brimstone Fiend!
Your tail-slap misses the Brimstone Fiend.
The Brimstone Fiend is moderately wounded.
You barely miss the Brimstone Fiend.
The Brimstone Fiend is moderately wounded.
The Brimstone Fiend gestures at you.
The sphere of damnation explodes!
The damnation engulfs you!
You die...

#...≈≈§≈≈§§........##
#....≈≈≈§≈≈≈.......#
#....≈≈§≈§≈≈..^....#
##########....≈≈≈≈§≈........#
.........#....≈≈≈≈§§.).....##
.........#.....§§≈≈....#..##
.........#....≈§≈≈.....####
'#'#.#'#'#....≈≈≈......##
....Z....Z...≈≈≈@.......###
.........§§§≈≈≈1≈≈.)....#.##
.........§≈§§§≈≈§..........##
.........≈≈§§≈§.............#
§§§....§§≈≈≈≈≈§.....##......##
§≈§§≈≈≈§§≈≈≈§≈§.....##.......#
≈≈§≈≈≈§§§§§§§≈...............#
§≈§§≈≈≈≈≈§§§§≈≈..............#
≈§≈≈≈§≈≈≈≈≈≈§≈§........##...##


You could see a Brimstone Fiend and a naga skeleton.

Vanquished Creatures
  Antaeus (Coc:7)
  the Serpent of Hell (Geh:7)
  An orb of fire (Zot:4)
  2 juggernauts
  An ancient lich (Vaults:5)
  Margery (Depths:1)
  21 shard shrikes
  Vashnia (Snake:3)
  the Lernaean hydra (Swamp:4)
  Frederick (Depths:2)
  3 curse toes
  11 caustic shrikes
  Geryon (Hell)
  13 golden dragons
  Nikola (Snake:3)
  8 bone dragons
  9 Brimstone Fiends
  The ghost of Toogi the Brawler, an adept TrAM of Elyvilon (Vaults:3)
  An electric golem (Zot:2)
  20 tentacled monstrosities
  Rupert (Lair:4)
  A Cloud Mage (WizLab)
  20 Ice Fiends
  Asterion (Elf:3)
  5 titans
  5 quicksilver dragons
  6 liches
  2 deep elf master archers (Elf:3)
  7 eldritch tentacles
  Frances (Swamp:1)
  An ancient champion (Vaults:3)
  3 sphinxes
  Agnes (Elf:2)
  6 tengu reavers
  Kirke (Lair:6)
  7 death cobs
  15 shadow dragons
  11 nagarajas
  3 draconian monks
  2 orc warlords
  9 fire giants
  5 draconian knights
  10 storm dragons
  7 deep elf sorcerers
  10 frost giants
  4 iron dragons
  5 draconian scorchers
  25 vault wardens
  10 balrugs
  Louise (D:14)
  A cacodemon (Coc:7)
  2 ghouls (Vaults:3)
  14 ironheart preservers
  24 reapers
  A draconian stormcaller (Zot:1)
  7 deep elf elementalists
  2 war gargoyles
  2 draconian shifters
  20 very ugly things
  23 stone giants
  5 elemental wellsprings
  6 draconian annihilators
  Nessos (Orc:2)
  Azrael (Elf:1)
  A vampire knight (Depths:5)
  7 green draconians
  9 deep elf demonologists
  A lorocyproca (Hell)
  19 deep elf annihilators
  9 purple draconians
  3 black draconians
  4 spark wasps
  7 red draconians
  A minotaur (Lab)
  8 yellow draconians
  5 white draconians
  9 deep elf death magi
  21 blizzard demons
  20 ettins
  7 statues (Depths:2)
  Snorg (Orc:2)
  4 jiangshi
  10 great orbs of eyes
  8 fire dragons
  A kraken zombie (Coc:7)
  5 quicksilver dragon zombies
  A hell beast (Depths:3)
  4 rakshasas
  Fannar (Lair:1)
  6 deep elf high priests
  25 yaktaur captains
  18 hydras
  An ice dragon (shapeshifter) (Depths:4)
  37 ice dragons
  Harold (D:8)
  Erolcha (D:11)
  34 vault guards
  15 naga warriors
  9 spriggan air magi
  3 quicksilver dragon skeletons
  3 death knights
  12 centaur warriors
  4 ghost crabs
  22 anacondas
  51 two-headed ogres
  27 dancing weapons
  10 deep troll earth magi
  13 ogre magi
  12 deep troll shamans
  2 orc high priests
  7 titan zombies
  9 alligators
  7 tengu warriors
  A vampire mage (Depths:1)
  30 hell hogs
  4 large abominations (Depths:4)
  15 naga sharpshooters
  11 shock serpents
  4 spriggan berserkers
  4 storm dragon zombies
  57 hell knights
  8 soul eaters
  Nergalle (Lair:2)
  6 iron trolls
  17 deep elf knights
  41 skeletal warriors
  3 shadow wraiths
  13 sun demons
  4 salamander mystics (Snake:4)
  4 glowing orange brains
  5 golden dragon zombies
  3 titan skeletons
  A swamp dragon (shapeshifter) (Depths:1)
  A ghost moth zombie (Geh:6)
  18 deep trolls
  5 storm dragon skeletons
  A sixfirhy (Depths:3)
  21 ironbrand convokers
  4 unseen horrors
  A death drake (shapeshifter) (Depths:4)
  10 swamp dragons
  3 sea snakes (Snake:1)
  An unseen horror (shapeshifter) (Vaults:5)
  2 spriggan druids
  A glowing orange brain (shapeshifter) (Depths:4)
  A shambling mangrove (Swamp:4)
  10 anaconda zombies
  4 wolf spider zombies
  7 naga ritualists
  12 deep elf archers
  2 kraken simulacra
  7 lindwurms
  15 flayed ghosts
  14 harpies
  10 phantasmal warriors
  2 golden dragon skeletons
  5 anaconda skeletons
  18 necromancers
  A lindwurm (shapeshifter) (Depths:4)
  9 wizards
  4 shadow dragon zombies
  2 harpies (shapeshifter)
  8 orc knights
  An orb spider (shapeshifter) (Vaults:4)
  62 deep elf magi
  9 mana vipers
  An iron dragon skeleton (Coc:4)
  A tengu skeleton (Vaults:5)
  56 ugly things
  6 wolf spiders
  11 frost giant zombies
  8 shadow dragon skeletons
  A mana viper (shapeshifter) (Depths:3)
  A manticore (D:13)
  9 stone giant zombies
  A faun (shapeshifter) (Vaults:5)
  An orc sorcerer (Elf:1)
  7 salamanders
  A cyclops (shapeshifter) (Depths:3)
  4 iron dragon zombies
  2 manticores (shapeshifter)
  9 fire giant zombies
  Maurice (D:11)
  14 moths of wrath
  A shock serpent zombie (Coc:6)
  6 cyclopes
  3 dire elephant zombies
  Joseph (D:8)
  4 elephants (Lair:5)
  4 fire giant skeletons
  A guardian serpent (shapeshifter) (Vaults:2)
  26 black mambas
  3 centaur zombies
  2 rust devils
  3 apocalypse crabs (WizLab)
  2 frost giant skeletons
  14 vault sentinels
  3 ice statues
  14 spiny frogs
  4 titan simulacra (Coc:7)
  7 stone giant skeletons
  An orange demon (Hell)
  2 storm dragon simulacra
  6 guardian serpents
  A shock serpent skeleton (Geh:1)
  18 molten gargoyles
  5 smoke demons
  3 gargoyles
  5 dire elephant skeletons
  5 spectral swamp worms
  25 naga magi
  A kobold demonologist (D:15)
  3 catoblepas zombies
  A white draconian zombie (Geh:2)
  2 yaktaur zombies (Hell)
  A yaktaur (shapeshifter) (Vaults:5)
  16 hellions
  6 anaconda simulacra
  A rime drake (Lair:4)
  4 efreet
  A redback zombie (D:15)
  47 yaktaurs
  16 red devils
  37 freezing wraiths
  A hellwing (Depths:3)
  4 komodo dragons
  2 guardian mummies (Zot:3)
  43 ice devils
  3 emperor scorpion zombies
  21 tormentors
  A red draconian skeleton (Geh:7)
  A white draconian skeleton (Coc:2)
  A queen bee (D:9)
  A polar bear (shapeshifter) (Vaults:1)
  10 polar bears
  19 hydra zombies
  4 tengu conjurers
  2 harpy zombies
  A meliai (shapeshifter) (Depths:4)
  11 trolls
  A deep troll zombie (Hell)
  5 tyrant leeches
  A hippogriff (shapeshifter) (Vaults:2)
  5 hippogriffs
  4 wind drakes (WizLab)
  7 hornets
  2 meliai zombies
  5 bog bodies
  A slime creature (shapeshifter) (Vaults:5)
  2 fire dragon zombies
  2 spriggan zombies (Hell)
  4 harpy skeletons
  4 dream sheep (Lair:5)
  A raiju (Lair:6)
  6 hydra skeletons
  5 ettin zombies
  A fire giant simulacrum (Coc:5)
  Sigmund (D:3)
  10 alligator zombies
  28 blink frogs
  A centaur simulacrum (D:14)
  6 ice dragon zombies
  33 slime creatures
  66 flying skulls
  7 ice dragon skeletons
  20 water elementals
  An alligator skeleton (Coc:6)
  9 ettin skeletons
  2 fire dragon skeletons
  A spriggan (Depths:4)
  A spriggan (shapeshifter) (Elf:3)
  12 shadows
  2 vampires
  15 air elementals
  A dire elephant simulacrum (Coc:7)
  A tarantella (shapeshifter) (Vaults:1)
  4 wyverns
  21 wraiths
  6 chaos spawn
  52 yaks
  6 hogs (Lair:6)
  A golden eye (shapeshifter) (Depths:2)
  5 basilisks
  24 fire elementals
  2 elf zombies
  2 steam dragons
  12 vampire mosquitoes
  4 hungry ghosts
  12 wargs
  41 nagas
  A soldier ant (shapeshifter) (Elf:1)
  14 swamp worms
  6 insubstantial wisps (Swamp:2)
  3 hydra simulacra
  48 hell hounds
  10 water moccasins
  12 spiny frog zombies
  An acid dragon (Vaults:1)
  A floating eye (shapeshifter) (Vaults:5)
  A floating eye (Depths:2)
  10 porcupines
  16 swamp drakes
  3 sky beasts
  4 snapping turtle zombies
  40 orc warriors
  5 spiny frog skeletons
  22 ice beasts
  A black bear (shapeshifter) (Vaults:3)
  3 alligator simulacra
  2 eyes of draining
  10 necrophages
  16 boggarts
  13 black bears
  A phantom (Geh:1)
  54 ogres
  21 centaurs
  3 snapping turtle skeletons
  3 manticore skeletons
  28 wolves
  3 swamp dragon skeletons
  A big kobold (D:14)
  21 crocodiles
  19 bullfrogs
  A wyvern zombie (D:13)
  2 earth elementals
  2 spiny frog simulacra
  A deep troll simulacrum (Vaults:3)
  A wyvern skeleton (D:14)
  2 scorpions
  A troll zombie (Coc:7)
  27 killer bees
  A snapping turtle simulacrum (Coc:6)
  A troll skeleton (Coc:7)
  6 howler monkeys
  47 wights
  3 spriggan skeletons
  11 electric eels
  A vampire bat (Lair:2)
  11 crimson imps
  9 jellies
  3 bullfrog zombies
  14 orc priests
  17 orc wizards
  5 centaur skeletons
  A gnoll shaman (D:6)
  6 bullfrog skeletons
  13 hounds
  An iron imp (Depths:3)
  8 iguanas
  Jessica (D:3)
  Ijyb (D:4)
  8 worker ants
  Natasha (thrice) (D:3)
  2 human skeletons
  6 hell rats (Hell)
  A killer bee zombie (D:7)
  5 small abominations
  A tengu zombie (Coc:7)
  2 ogre skeletons (Lab)
  A hound skeleton (D:8)
  7 mummies
  A howler monkey skeleton (D:2)
  3 gnolls (D:6)
  12 adders
  7 shadow imps
  34 white imps
  5 ufetubi (IceCv)
  An adder skeleton (D:8)
  3 worms
  5 dart slugs
  9 leopard geckos
  125 orcs
  8 giant cockroaches
  12 goblins
  12 hobgoblins
  16 jackals
  4 quokkas
  4 ball pythons
  16 bats
  5 frilled lizards
  A jackal skeleton (D:4)
  A jackal zombie (D:5)
  12 kobolds
  A leopard gecko zombie (D:8)
  An orc skeleton (Geh:4)
  2 quokka zombies
  14 rats
  5 fire vortices
  4 fungi
  7 plants
  2 tentacles
3381 creatures vanquished.

Vanquished Creatures (others)
  2 fire giants
  An elemental wellspring (Coc:7)
  A stone giant (Vaults:5)
  2 spark wasps (WizLab)
  A merfolk javelineer (Depths:1)
  A yaktaur captain (Vaults:5)
  2 spriggan air magi
  3 centaur warriors
  3 hell hogs
  A storm dragon skeleton (Coc:6)
  A death drake (WizLab)
  An unseen horror (Vaults:1)
  A wizard (Depths:2)
  2 deep elf archers
  A cyclops (Vaults:1)
  2 deep elf magi (Depths:2)
  A salamander (Snake:4)
  A vault sentinel (Vaults:1)
  A guardian serpent (Snake:3)
  A tormentor (Geh:7)
  A demonic crawler (Hell)
  14 yaktaurs
  A wind drake (WizLab)
  A slime creature (Depths:1)
  2 flying skulls
  A wraith (Geh:7)
  A black mamba skeleton (Geh:7)
  A vampire mosquito (D:15)
  3 centaurs
  A troll zombie (Geh:7)
  A wight (Geh:3)
  A hell rat (Hell)
  2 white imps (IceCv)
  4 ufetubi (IceCv)
  2 fungi
  11 plants
  14 tentacles
90 creatures vanquished.

Grand Total: 3471 creatures vanquished

Notes
Turn   | Place    | Note
-------+----------+-------------------------------------------
     0 | D:1      | Pocketmage the Draconian Fighter began the quest for the
                  | Orb.
     0 | D:1      | Reached XP level 1. HP: 19/19 MP: 1/1
    78 | D:1      | Reached XP level 2. HP: 24/26 MP: 2/2
   742 | D:1      | Reached XP level 3. HP: 30/31 MP: 3/3
   964 | D:2      | Found an ancient bone altar of Kikubaaqudgha.
  1374 | D:2      | Reached XP level 4. HP: 40/40 MP: 4/4
  1402 | D:2      | Found a glowing silver altar of Zin.
  1772 | D:2      | Found a hazy altar of Hepliaklqana.
  2160 | D:3      | Reached XP level 5. HP: 40/46 MP: 5/5
  2195 | D:3      | Noticed Jessica
  2502 | D:3      | Killed Jessica
  2591 | D:3      | Noticed Sigmund
  3093 | D:3      | Killed Sigmund
  3093 | D:3      | Reached XP level 6. HP: 24/53 MP: 6/6
  3620 | D:3      | Noticed Natasha
  3626 | D:3      | Killed Natasha
  4345 | D:3      | Noticed Natasha
  4354 | D:3      | Killed Natasha
  4668 | D:3      | Noticed Natasha
  4675 | D:3      | Killed Natasha
  5024 | D:4      | Noticed Ijyb
  5044 | D:4      | Killed Ijyb
  5044 | D:4      | Your scales start taking on a dull iron-grey colour.
  5044 | D:4      | Reached XP level 7. HP: 50/60 MP: 7/7
  5044 | D:4      | Gained mutation: You can survive without breathing. [Grey
                  | Draconian growth]
  5136 | D:4      | Found an opulent altar of Gozag.
  5136 | D:4      | Found a sparkling altar of Nemelex Xobeh.
  5147 | D:4      | Reached skill level 5 in Fighting
  5147 | D:4      | Reached skill level 5 in Axes
  5309 | D:4      | Found a bloodstained altar of Trog.
  5656 | D:4      | Found a deep blue altar of Sif Muna.
  5742 | D:5      | Entered Level 5 of the Dungeon
  5880 | D:5      | Found a shimmering altar of Xom.
  6223 | D:5      | Found a shattered altar of Ashenzari.
  6244 | D:5      | Reached skill level 5 in Shields
  6603 | D:5      | You fall through a shaft!
  6741 | D:6      | Reached XP level 8. HP: 44/69 MP: 8/8
  7261 | D:6      | You fall through a shaft!
  7275 | D:7      | Reached skill level 5 in Dodging
  7535 | D:6      | Found a stormy altar of Qazlal.
  7536 | D:6      | Found an iron altar of Okawaru.
  7539 | D:6      | Became a worshipper of Warmaster Okawaru
  7542 | D:6      | Found a white marble altar of Elyvilon.
  8012 | D:7      | Found Xaxzaqext's Food Shop.
  8016 | D:7      | Found Tuggit's Weapon Boutique.
  8125 | D:7      | Reached XP level 9. HP: 6/78 MP: 9/9
  8644 | D:7      | Reached * piety under Okawaru
  8651 | D:7      | Found a staircase to the Ecumenical Temple.
  8682 | Temple   | Entered the Ecumenical Temple
  9342 | D:8      | Noticed Harold
  9364 | D:8      | Killed Harold
  9364 | D:8      | Reached ** piety under Okawaru
  9622 | D:8      | Noticed a seven-headed hydra
  9997 | D:8      | Noticed Joseph
 10016 | D:8      | Killed Joseph
 10016 | D:8      | Reached *** piety under Okawaru
 10016 | D:8      | Reached XP level 10. HP: 88/88 MP: 8/10
 10727 | D:9      | Found a shattered altar of Ashenzari.
 11692 | D:9      | Reached skill level 10 in Axes
 11774 | D:9      | Reached **** piety under Okawaru
 12499 | D:9      | Found an ornate altar of the Wu Jian Council.
 12667 | D:10     | Entered Level 10 of the Dungeon
 12844 | D:10     | Noticed a gargoyle
 12866 | D:10     | Killed a gargoyle
 13224 | D:10     | Received a gift from Okawaru
 13232 | D:10     | Reached XP level 11. HP: 57/97 MP: 11/11
 13624 | D:10     | Found a staircase to the Orcish Mines.
 13816 | D:10     | Found a staircase to the Lair.
 14367 | D:10     | Got a bloodstained broad axe {holy}
 14368 | D:10     | Identified the +7 broad axe of Arrival {holy, Int+5} (You
                  | took it off an orc on level 10 of the Dungeon)
 14384 | D:10     | Reached ***** piety under Okawaru
 14665 | D:7      | Killed a two-headed hydra
 14783 | Lair:1   | Entered Level 1 of the Lair of Beasts
 14862 | Lair:1   | Received a gift from Okawaru
 15592 | Lair:1   | Noticed an oklob plant
 15592 | Lair:1   | Noticed an oklob plant
 15592 | Lair:1   | Noticed an oklob plant
 15749 | Lair:1   | Reached skill level 10 in Fighting
 16537 | Lair:2   | Received a gift from Okawaru
 16734 | Lair:2   | Found a staircase to the Snake Pit.
 16756 | Lair:2   | Noticed Nergalle
 16757 | Lair:2   | Noticed Fannar
 16932 | Lair:1   | Killed Fannar
 16932 | Lair:1   | Reached XP level 12. HP: 86/106 MP: 5/12
 17091 | Lair:2   | Killed Nergalle
 18031 | Lair:3   | Received a gift from Okawaru
 18344 | Lair:3   | Reached ****** piety under Okawaru
 18344 | Lair:3   | Received a gift from Okawaru
 18352 | Lair:3   | Got a slimy large shield {god gift}
 18363 | Lair:3   | Identified the +3 large shield "Weurin" {rElec rN+ Int+3
                  | Dex+3} (Okawaru gifted it to you on level 3 of the Lair of
                  | Beasts)
 18490 | Lair:3   | Reached skill level 10 in Shields
 19399 | Lair:4   | Found a labyrinth entrance.
 19492 | Lab      | Entered a labyrinth
 20727 | Lab      | Noticed a minotaur
 20745 | Lab      | Killed a minotaur
 20747 | Lab      | Got an ichor-stained fustibalus
 20748 | Lab      | Identified the +8 fustibalus "Fozuleru" {flame, MR- Int+6
                  | SInv} (You took it off a minotaur in a labyrinth)
 21035 | Lair:4   | Noticed Rupert
 21071 | Lair:4   | Killed Rupert
 21071 | Lair:4   | Reached XP level 13. HP: 89/116 MP: 1/13
 21393 | Lair:4   | Found a staircase to the Swamp.
 21520 | Lair:4   | Received a gift from Okawaru
 21799 | Lair:5   | Found a staircase to the Slime Pits.
 22345 | Lair:5   | Reached skill level 10 in Dodging
 22792 | Lair:6   | Entered Level 6 of the Lair of Beasts
 23032 | Lair:6   | Received a gift from Okawaru
 23107 | Lair:6   | Noticed Kirke
 23120 | Lair:6   | Killed Kirke
 23124 | Lair:6   | Reached XP level 14. HP: 126/126 MP: 7/14
 23464 | Lair:6   | Reached skill level 15 in Axes
 23584 | Lair:6   | Got a twisted hat
 23595 | Lair:6   | Identified the +1 hat of the Heron {*Contam +Fly rC+++ MR+}
                  | (You found it on level 6 of the Lair of Beasts)
 24452 | D:11     | Noticed Maurice
 24467 | D:11     | Killed Maurice
 24634 | D:11     | Noticed Erolcha
 24648 | D:11     | Killed Erolcha
 25128 | D:12     | Received a gift from Okawaru
 25627 | D:13     | Found a gate to the Vaults.
 25711 | D:13     | Got an ancient brass ring
 25715 | D:13     | Identified the ring "Kolyh" {+Fly Int+3} (You took it off
                  | an orc on level 13 of the Dungeon)
 25796 | D:13     | Found a corrupted altar of Lugonu.
 26461 | D:14     | Cast into level 2 of the Abyss (a wizard)
 26502 | D:14     | Escaped the Abyss
 26514 | D:14     | Received a gift from Okawaru
 26514 | D:14     | Reached XP level 15. HP: 134/134 MP: 15/15
 26978 | D:14     | Noticed Louise
 27020 | D:14     | Killed Louise
 27184 | D:15     | Entered Level 15 of the Dungeon
 27280 | D:15     | Received a gift from Okawaru
 27317 | D:15     | Identified a +2 pair of boots of running (Okawaru gifted it
                  | to you on level 15 of the Dungeon)
 27337 | D:15     | Found a staircase to the Depths.
 27337 | D:15     | Noticed a fire giant
 27380 | D:15     | Killed a fire giant
 28460 | Swamp:1  | Entered Level 1 of the Swamp
 28942 | Swamp:1  | Noticed Frances
 28962 | Swamp:1  | Killed Frances
 28962 | Swamp:1  | Received a gift from Okawaru
 28965 | Swamp:1  | Got a pair of encrusted boots {god gift}
 28976 | Swamp:1  | Identified the +1 pair of boots "Ewyrocko" {Int+2} (Okawaru
                  | gifted it to you on level 1 of the Swamp)
 29469 | Swamp:2  | Reached skill level 15 in Shields
 29469 | Swamp:2  | Reached XP level 16. HP: 145/145 MP: 13/16
 29979 | Swamp:3  | Reached XP level 17. HP: 152/152 MP: 16/18
 30194 | Swamp:3  | Found a frozen archway.
 30260 | IceCv    | Entered an ice cave
 30991 | Swamp:4  | Entered Level 4 of the Swamp
 31558 | Swamp:4  | Noticed the 27-headed Lernaean hydra
 32156 | Swamp:4  | Got a decaying rune of Zot
 32326 | Snake:1  | Entered Level 1 of the Snake Pit
 32790 | Snake:1  | Found Kugh's General Store.
 33288 | Snake:2  | Received a gift from Okawaru
 34080 | Snake:3  | Noticed Nikola
 34099 | Snake:3  | Killed Nikola
 34121 | Snake:3  | Reached XP level 18. HP: 145/162 MP: 15/20
 34233 | Snake:3  | Reached skill level 15 in Fighting
 34417 | Snake:3  | Noticed Vashnia
 34868 | Snake:3  | Received a gift from Okawaru
 36056 | Snake:3  | Killed Vashnia
 36056 | Snake:3  | Reached skill level 5 in Invocations
 36902 | Snake:4  | Entered Level 4 of the Snake Pit
 37379 | Snake:4  | Found Qelazux's Distillery.
 37439 | Snake:4  | Bought a potion of heal wounds for 60 gold pieces
 37439 | Snake:4  | Bought a potion of might for 48 gold pieces
 37439 | Snake:4  | Bought a potion of cancellation for 96 gold pieces
 37439 | Snake:4  | Bought a potion of agility for 48 gold pieces
 37439 | Snake:4  | Bought a potion of agility for 48 gold pieces
 37803 | Snake:4  | Found Qelazux's Distillery.
 38823 | Snake:4  | Received a gift from Okawaru
 39081 | Snake:4  | Reached XP level 19. HP: 155/172 MP: 22/22
 39242 | Snake:4  | Got a serpentine rune of Zot
 39371 | Snake:4  | Bought a potion of haste for 120 gold pieces
 39700 | Orc:1    | Entered Level 1 of the Orcish Mines
 39937 | Orc:1    | Found a roughly hewn altar of Beogh.
 40398 | Orc:2    | Entered Level 2 of the Orcish Mines
 40558 | Orc:2    | Noticed Snorg
 40565 | Orc:2    | Killed Snorg
 40760 | Orc:2    | Found a staircase to the Elven Halls.
 40803 | Orc:2    | Found Pacushra's Gadget Shoppe.
 40923 | Orc:2    | Found Epliang's Gadget Emporium.
 40923 | Orc:2    | Found Roby's Distillery.
 40924 | Orc:2    | Found Kamonack's Food Shop.
 40924 | Orc:2    | Found Koen's Magic Scroll Emporium.
 40932 | Orc:2    | Bought a potion of heal wounds for 60 gold pieces
 40932 | Orc:2    | Bought a potion of resistance for 120 gold pieces
 40932 | Orc:2    | Bought a potion of heal wounds for 60 gold pieces
 40932 | Orc:2    | Bought a potion of haste for 120 gold pieces
 40933 | Orc:2    | Bought a scroll of acquirement for 572 gold pieces
 40933 | Orc:2    | Bought a scroll of blinking for 82 gold pieces
 40933 | Orc:2    | Bought a scroll of acquirement for 572 gold pieces
 40937 | Orc:2    | Got a faintly glowing platinum ring
 40939 | Orc:2    | Identified the ring of Yppahen {rC+ Dex+5 SInv} (You
                  | acquired it on level 2 of the Orcish Mines)
 40990 | Orc:2    | Noticed Nessos
 41021 | Orc:2    | Killed Nessos
 41180 | Elf:1    | Entered Level 1 of the Elven Halls
 41442 | Elf:1    | Received a gift from Okawaru
 41447 | Elf:1    | Found Vuuduh's Antique Armour Emporium.
 41510 | Elf:1    | Found a shimmering altar of Xom.
 41522 | Elf:1    | Noticed Azrael
 41545 | Elf:1    | Killed Azrael
 42532 | Elf:2    | Noticed Agnes
 42544 | Elf:2    | Killed Agnes
 42868 | Elf:2    | Found a runed gate.
 42868 | Elf:2    | Found a runed gate.
 42869 | Elf:2    | Found a runed gate.
 42937 | Elf:2    | Found Lumoul's Jewellery Shoppe.
 42938 | Elf:2    | Found Lauczu's Gadget Boutique.
 42939 | Elf:2    | Found Caechot's Jewellery Shoppe.
 42953 | Elf:2    | Bought a +3 amulet of reflection for 219 gold pieces
 43161 | Elf:2    | Reached XP level 20. HP: 184/184 MP: 23/23
 43544 | Elf:3    | Entered Level 3 of the Elven Halls
 43610 | Elf:3    | Received a gift from Okawaru
 43693 | Elf:3    | Found a magical portal.
 43727 | WizLab   | Entered The Chambers of the Cloud Mage
 44793 | WizLab   | Found the amulet of the Air {Inacc +Fly rElec EV+5 RMsl}
 44819 | WizLab   | Identified Iqurphoi's Papyrus of Flight
 44923 | Elf:3    | Found Gis Noss's Gadget Shop.
 44958 | Elf:3    | Reached skill level 15 in Dodging
 45030 | Elf:3    | Found a deep blue altar of Sif Muna.
 45493 | Elf:3    | Received a gift from Okawaru
 45872 | Elf:3    | Noticed Asterion
 45892 | Elf:3    | Killed Asterion
 46258 | Elf:3    | Gained mutation: Scrolls take you a little longer to read.
                  | [a cacodemon]
 46890 | D:14     | Lost mutation: Scrolls take you a little longer to read.
                  | [potion of mutation]
 46890 | D:14     | Gained mutation: You expend magic power (3 MP) to
                  | strengthen your wands. [potion of mutation]
 46890 | D:14     | Gained mutation: You are resistant to hostile enchantments.
                  | (MR+) [potion of mutation]
 46937 | Depths:1 | Entered Level 1 of the Depths
 47699 | Depths:1 | Reached XP level 21. HP: 190/194 MP: 24/24
 47788 | Depths:1 | Noticed Margery
 47799 | Depths:1 | Received a gift from Okawaru
 47809 | Depths:1 | Killed Margery
 48109 | Depths:1 | Found a gateway to Hell.
 49227 | Depths:2 | Paralysed by a floating eye for 4 turns
 49242 | Depths:2 | Received a gift from Okawaru
 49871 | Depths:2 | Noticed Frederick
 49884 | Depths:2 | Killed Frederick
 50010 | Depths:2 | Found a radiant altar of Vehumet.
 50138 | Depths:2 | Identified the Guide on the Entourage
 50717 | Depths:3 | Found a gateway to a ziggurat.
 51183 | Depths:3 | Received a gift from Okawaru
 51194 | Depths:3 | Gained mutation: Scrolls take you a little longer to read.
                  | [mutagenic glow]
 51556 | Depths:3 | Found a one-way gate leading to the halls of Pandemonium.
 51729 | Depths:3 | Noticed a golden dragon
 51739 | Depths:3 | Noticed a caustic shrike
 51742 | Depths:3 | Killed a golden dragon
 51748 | Depths:3 | Killed a caustic shrike
 51753 | Depths:3 | Reached XP level 22. HP: 67/205 MP: 23/25
 53142 | Vaults:1 | Entered Level 1 of the Vaults
 54138 | Vaults:1 | Received a gift from Okawaru
 54292 | Vaults:1 | Got a pair of encrusted gloves {god gift}
 54303 | Vaults:1 | Identified the +2 pair of gloves of Gravitas {Str+2}
                  | (Okawaru gifted it to you on level 1 of the Vaults)
 54837 | Vaults:2 | Reached skill level 1 in Evocations
 56820 | Vaults:3 | Reached XP level 23. HP: 208/215 MP: 26/26
 56832 | Vaults:3 | Received a gift from Okawaru
 56974 | Vaults:3 | Received a gift from Okawaru
 57058 | Vaults:3 | Lost mutation: Scrolls take you a little longer to read.
                  | [potion of mutation]
 57058 | Vaults:3 | Gained mutation: You occasionally shout uncontrollably at
                  | your foes. [potion of mutation]
 57058 | Vaults:3 | Gained mutation: Your spells are a little harder to cast,
                  | but a little more powerful. [potion of mutation]
 57058 | Vaults:3 | Gained mutation: Your large and strong wings let you fly
                  | indefinitely. [potion of mutation]
 57122 | Vaults:3 | Reached skill level 5 in Evocations
 57367 | Vaults:3 | Got a warped granite ring
 57531 | Vaults:3 | Found a staircase to the Crypt.
 58035 | Vaults:3 | Found a runed door.
 58042 | Vaults:3 | Noticed Toogi's ghost (adept TrAM)
 58057 | Vaults:3 | Killed Toogi's ghost
 58493 | Vaults:3 | Identified the ring of Ylel {rPois AC+3} (You took it off a
                  | yaktaur on level 3 of the Vaults)
 58737 | Vaults:4 | Received a gift from Okawaru
 60847 | Depths:4 | Received a gift from Okawaru
 61507 | Vaults:5 | Entered Level 5 of the Vaults
 61508 | Vaults:5 | Noticed an ancient lich
 61535 | Vaults:5 | Killed an ancient lich
 61570 | Vaults:5 | Reached XP level 24. HP: 178/226 MP: 24/26
 61626 | Vaults:5 | Received a gift from Okawaru
 61646 | Vaults:5 | Got a twisted war axe {god gift}
 61925 | Vaults:5 | Identified the +2 war axe "Beastslayer" {antimagic, rN+}
                  | (Okawaru gifted it to you on level 5 of the Vaults)
 62302 | Vaults:5 | Received a gift from Okawaru
 62499 | Vaults:5 | Got a bloodstained cloak {god gift}
 62510 | Vaults:5 | Identified the +2 cloak of Chimes {rF++ rC+ Regen+}
                  | (Okawaru gifted it to you on level 5 of the Vaults)
 62930 | Vaults:5 | Identified the Grimoire of Poisonous Transformation
 63119 | Vaults:5 | Found Fusoimez's Gadget Shoppe.
 63166 | Vaults:5 | Found Sutiacs's Gadget Shop.
 63170 | Vaults:5 | Bought a wand of acid (13) for 510 gold pieces
 63170 | Vaults:5 | Bought a wand of clouds (5) for 405 gold pieces
 63261 | Vaults:5 | Received a gift from Okawaru
 63269 | Vaults:5 | Reached XP level 25. HP: 119/238 MP: 20/29
 63421 | Vaults:5 | Got an ichor-stained cloak {god gift}
 63432 | Vaults:5 | Identified the +2 cloak "Zaaroiv" {+Blink Str+5 Int-4 SInv}
                  | (Okawaru gifted it to you on level 5 of the Vaults)
 63480 | Vaults:5 | Found Uridief's Antique Weapon Shoppe.
 63495 | Vaults:5 | Found Baenal's Book Shoppe.
 63608 | Vaults:5 | Got a silver rune of Zot
 64441 | Swamp:4  | Killed the 17-headed Lernaean hydra
 65288 | Elf:3    | Identified the Incunabulum of the Ashen Compass
 65348 | Elf:3    | Got a transparent amber ring
 65398 | Elf:3    | Identified the ring of Souhif {Str-3 Dex+3 Slay+2 Stlth+}
                  | (You took it off a deep elf annihilator on level 3 of the
                  | Elven Halls)
 65827 | Hell     | Entered the Vestibule of Hell
 65827 | Hell     | Noticed Geryon
 66094 | Hell     | Reached skill level 10 in Evocations
 66106 | Hell     | Killed Geryon
 66299 | Hell     | Found a gateway to the freezing wastes of Cocytus.
 66497 | Hell     | Found a gateway to the Iron City of Dis.
 66691 | Hell     | Found a gateway to the ashen valley of Gehenna.
 66744 | Hell     | Found a gateway to the decaying netherworld of Tartarus.
 66891 | Coc:1    | Entered Level 1 of Cocytus
 67051 | Coc:2    | Received a gift from Okawaru
 67786 | Coc:2    | Noticed a shard shrike
 67794 | Coc:2    | Killed a shard shrike
 68134 | Coc:3    | Noticed a shard shrike
 68136 | Coc:3    | Noticed a shard shrike
 68144 | Coc:3    | Killed a shard shrike
 68145 | Coc:3    | Killed a shard shrike
 68308 | Coc:4    | Reached XP level 26. HP: 219/248 MP: 30/30
 68590 | Coc:5    | Received a gift from Okawaru
 68856 | Coc:7    | Entered Level 7 of Cocytus
 69096 | Coc:7    | Received a gift from Okawaru
 69158 | Coc:7    | Gained mutation: You sometimes yell uncontrollably at your
                  | foes. [mutagenic glow]
 70208 | Coc:7    | Gained mutation: You do not regenerate when monsters are
                  | visible. [a cacodemon]
 70878 | Coc:7    | HP: 10/255 [Ice Fiend/bolt of cold[the effects of Hell]
                  | (7)]
 70894 | Coc:7    | Lost mutation: You expend magic power (3 MP) to strengthen
                  | your wands. [potion of mutation]
 70894 | Coc:7    | Lost mutation: Your spells are a little harder to cast, but
                  | a little more powerful. [potion of mutation]
 70894 | Coc:7    | Gained mutation: Your body sometimes deteriorates upon
                  | taking damage. [potion of mutation]
 70894 | Coc:7    | Gained mutation: Your flesh is cold resistant. (rC+)
                  | [potion of mutation]
 70895 | Coc:7    | Lost mutation: You are resistant to hostile enchantments.
                  | (MR+) [potion of mutation]
 70895 | Coc:7    | Lost mutation: Your body sometimes deteriorates upon taking
                  | damage. [potion of mutation]
 70895 | Coc:7    | Gained mutation: You are covered in fur. (AC +1) [potion of
                  | mutation]
 70895 | Coc:7    | Gained mutation: Your magical capacity is low. (-10% MP)
                  | [potion of mutation]
 70895 | Coc:7    | Gained mutation: You have a pair of small antennae on your
                  | head. [potion of mutation]
 70895 | Coc:7    | Gained mutation: You have sharp fingernails. [potion of
                  | mutation]
 70896 | Coc:7    | Lost mutation: You are covered in fur. (AC +1) [potion of
                  | mutation]
 70896 | Coc:7    | Lost mutation: Your flesh is cold resistant. (rC+) [potion
                  | of mutation]
 70896 | Coc:7    | Lost mutation: You sometimes yell uncontrollably at your
                  | foes. [potion of mutation]
 70896 | Coc:7    | Lost mutation: You do not regenerate when monsters are
                  | visible. [potion of mutation]
 70896 | Coc:7    | Gained mutation: You have a pair of antennae on your head.
                  | [potion of mutation]
 70896 | Coc:7    | Gained mutation: Your tail ends in a poisonous barb.
                  | [potion of mutation]
 70896 | Coc:7    | Gained mutation: You have large cloven feet. [potion of
                  | mutation]
 70930 | Coc:7    | Received a gift from Okawaru
 70963 | Coc:7    | HP: 1/256 [blizzard demon/the air[the effects of Hell]
                  | (30)]
 70966 | Coc:7    | Reached skill level 10 in Invocations
 71991 | Coc:4    | Reached XP level 27. HP: 264/264 MP: 29/29
 72529 | Coc:7    | Received a gift from Okawaru
 73486 | Depths:4 | Found a one-way gate to the infinite horrors of the Abyss.
 73489 | Depths:4 | Received a gift from Okawaru
 73794 | Depths:4 | Found the +2 pair of boots of the Assassin {Detection Stab+
                  | Stlth++}
 74123 | Depths:4 | Noticed a juggernaut
 74142 | Depths:4 | Killed a juggernaut
 74304 | Depths:4 | Identified the Papyrus of Displaced Flames
 74726 | Depths:5 | Entered Level 5 of the Depths
 75029 | Depths:5 | Found a gate to the Realm of Zot.
 75256 | Depths:5 | Received a gift from Okawaru
 75398 | Depths:5 | Noticed a juggernaut
 75413 | Depths:5 | Killed a juggernaut
 75560 | Depths:5 | Received a gift from Okawaru
 76343 | Depths:5 | Got a smoking broad axe {god gift}
 76344 | Depths:5 | Identified the +8 broad axe "Ashot" {drain, rC+ SInv}
                  | (Okawaru gifted it to you on level 5 of the Depths)
 76401 | Zot:1    | Entered Level 1 of the Realm of Zot
 77566 | Zot:2    | Reached skill level 15 in Evocations
 78155 | Zot:2    | Received a gift from Okawaru
 78929 | Zot:3    | Received a gift from Okawaru
 78932 | Zot:3    | Got a jewelled large shield {god gift}
 78956 | Zot:3    | Identified the +3 large shield "Deppaag" {rF+++ MR+}
                  | (Okawaru gifted it to you on level 3 of the Realm of Zot)
 80080 | Zot:4    | Reached skill level 15 in Invocations
 80286 | Zot:4    | Noticed an orb of fire
 80303 | Zot:4    | Gained mutation: Your magical capacity is very low. (-20%
                  | MP) [an orb of fire]
 80308 | Zot:4    | Gained mutation: Your body sometimes deteriorates upon
                  | taking damage. [an orb of fire]
 80316 | Zot:4    | Killed an orb of fire
 80316 | Zot:4    | Reached skill level 27 in Fighting
 80517 | D:15     | Lost mutation: You occasionally shout uncontrollably at
                  | your foes. [potion of mutation]
 80517 | D:15     | Lost mutation: You have a pair of antennae on your head.
                  | [potion of mutation]
 80517 | D:15     | Gained mutation: You are clumsy. (Dex -2) [potion of
                  | mutation]
 80517 | D:15     | Gained mutation: You are robust. (+10% HP) [potion of
                  | mutation]
 80517 | D:15     | Gained mutation: You expend magic power (3 MP) to
                  | strengthen your wands. [potion of mutation]
 80691 | Orc:2    | Bought a potion of mutation for 96 gold pieces
 80691 | Orc:2    | Bought a potion of mutation for 96 gold pieces
 80691 | Orc:2    | Lost mutation: You are robust. (+10% HP) [potion of
                  | mutation]
 80691 | Orc:2    | Lost mutation: Your body sometimes deteriorates upon taking
                  | damage. [potion of mutation]
 80691 | Orc:2    | Gained mutation: You have hoof-like feet. [potion of
                  | mutation]
 82128 | Coc:5    | Received a gift from Okawaru
 82459 | Coc:7    | Received a gift from Okawaru
 83313 | Coc:7    | Noticed Antaeus
 83374 | Coc:7    | Received a gift from Okawaru
 84361 | Coc:7    | Killed Antaeus
 84377 | Coc:7    | Got an icy rune of Zot
 84381 | Coc:7    | Identified the Catalogue of Transmutation and Intoxication
 84384 | Coc:7    | Identified the Handbook of the Traveller and the Frostbite
 85048 | Geh:1    | Entered Level 1 of Gehenna
 86165 | Geh:1    | Received a gift from Okawaru
 86531 | Geh:3    | Received a gift from Okawaru
 86972 | Geh:7    | Entered Level 7 of Gehenna
 87565 | Geh:7    | Received a gift from Okawaru
 87711 | Geh:7    | Noticed the Serpent of Hell
 87736 | Geh:7    | Killed the Serpent of Hell
 87797 | Geh:7    | Reached skill level 27 in Dodging
 88914 | Geh:7    | Received a gift from Okawaru
 88937 | Geh:7    | Killed from afar by a Brimstone Fiend

Skill      XL: |  1  2  3  4  5  6  7  8  9 10 11 12 13 14 15 16 17 18 19 20 21 22 23 24 25 26 27 |
---------------+----------------------------------------------------------------------------------+-----
Dodging        | 3 4 5 6 7 8 9 10 11 12 13 14 15 16 17 18 19 21 22 27 | 27.0
Axes           | 3 4 6 7 9 10 12 13 14 15 16 17 18 | 18.0
Fighting       | 4 5 6 7 9 10 11 12 13 14 16 17 18 19 20 22 23 24 27 | 27.0
Shields        | 4 5 6 7 8 9 11 12 13 15 16 18 19 21 22 23 24 25 | 25.0
Invocations    | 2 3 5 10 15 | 15.0
Evocations     | 4 5 8 10 12 18 | 18.9

Action                   |  1- 3 |  4- 6 |  7- 9 | 10-12 | 13-15 | 16-18 | 19-21 | 22-24 | 25-27 || total
-------------------------+-------+-------+-------+-------+-------+-------+-------+-------+-------++-------
Melee: War axe           |   126 |   144 |       |       |       |       |       |   141 |       ||   411
       Tailslap          |    13 |    21 |    46 |   133 |   286 |   297 |   421 |   540 |  1489 ||  3246
       Hand axe          |       |    37 |   406 |   602 |    87 |    71 |       |       |    13 ||  1216
       Broad axe         |       |       |       |   399 |  1192 |  1176 |  1736 |  1713 |  4793 || 11009
 Fire: Fustibalus        |       |       |       |       |       |       |   127 |       |     4 ||   131
Throw: Throwing net      |       |     2 |       |       |       |       |       |       |     1 ||     3
Invok: Heroism           |       |       |     5 |    15 |    11 |    12 |    17 |     9 |    17 ||    86
       Finesse           |       |       |       |     4 |     3 |     2 |     7 |     3 |    38 ||    57
 Abil: Fly               |       |       |       |       |       |       |       |     1 |     1 ||     2
       Stop Flying       |       |       |       |       |       |       |       |     1 |       ||     1
Evoke: Lamp of fire      |       |       |       |       |       |     1 |       |     1 |     1 ||     3
       Wand              |       |       |       |       |       |       |     1 |     2 |    18 ||    21
       Sack of spiders   |       |       |       |       |       |       |       |       |     5 ||     5
       Phial of floods   |       |       |       |       |       |       |       |       |     1 ||     1
  Use: Potion            |       |     2 |     2 |     3 |     2 |     9 |     7 |     5 |    20 ||    50
       Scroll            |       |       |    10 |    10 |     7 |    15 |     8 |    12 |    13 ||    75
 Stab: Sleeping          |     2 |     3 |     2 |     2 |     8 |     1 |     2 |     5 |     2 ||    27
       Invisible         |       |       |     2 |     2 |       |       |       |       |       ||     4
       Distracted        |       |       |       |       |     3 |     1 |     4 |     2 |     5 ||    15
       Confused          |       |       |       |       |     1 |     1 |       |       |       ||     2
       Petrifying        |       |       |       |       |       |       |     4 |       |       ||     4
       Petrified         |       |       |       |       |       |       |     2 |       |       ||     2
       Held in net/web   |       |       |       |       |       |       |       |       |     2 ||     2
       Paralysed         |       |       |       |       |       |       |       |       |     1 ||     1
  Eat: Chunk             |     2 |     7 |    12 |    21 |    29 |    16 |    35 |    30 |    34 ||   186
       Ration            |       |     1 |     2 |     4 |       |     4 |     2 |     2 |    15 ||    30
Armor: Skin              |    52 |    43 |   129 |   227 |   244 |   222 |   159 |   117 |   417 ||  1610
Dodge: Dodged            |    54 |    77 |   153 |   441 |   464 |   525 |   602 |   545 |  1766 ||  4627
Block: Shield            |    62 |    82 |   204 |   422 |       |       |       |       |       ||   770
       Large shield      |       |       |       |   100 |  1240 |  1237 |  1727 |  1812 |  4754 || 10870
       Reflection        |       |       |       |       |       |       |    84 |   114 |   110 ||   308
